 Dungeon Crawl Stone Soup version 0.22-a0-348-gd16d139 (webtiles) character file.

99 grizmgrazm2 the Protected (level 4, -2/41 HPs)
             Began as a Gnoll Wanderer on Apr 9, 2018.
             Was an Initiate of the Shining One.
             Slain by Grinder (5 damage)
             ... while paralysed by Grinder
             ... on level 3 of the Dungeon.
             The game lasted 00:07:26 (2622 turns).

grizmgrazm2 the Protected (Gnoll Wanderer)          Turns: 2622, Time: 00:07:27

Health: -2/41      AC: 15    Str: 18    XL:     4   Next: 72%
Magic:  5/5        EV:  2    Int: 13    God:    the Shining One [......]
Gold:   154        SH:  0    Dex: 18    Spells: 5/5 levels left

rFire    . . .     SeeInvis .   h - -3 mace (curse)
rCold    . . .     Gourm    .   (no shield)
rNeg     . . .     Faith    .   a - +2 scale mail
rPois    .         Spirit   .   (no helmet)
rElec    .         Reflect  .   n - +0 cloak
rCorr    .         Harm     .   (no gloves)
MR       .....                  k - +2 pair of boots
Stlth    +.........             i - amulet of rage
HPRegen  0.13/turn              e - +5 ring of strength
MPRegen  0.09/turn              (no ring)

@: paralysed, glowing
A: distributed training, fangs 1, strong nose
a: Renounce Religion, Evoke Berserk Rage


You were on level 3 of the Dungeon.
You worshipped the Shining One.
The Shining One was noncommittal.
You were not hungry.

You visited 1 branch of the dungeon, and saw 3 of its levels.

You collected 154 gold pieces.

Inventory:

Hand Weapons
 b - a +0 shortbow
 h - a cursed -3 mace (weapon)
 m - a +3 quarterstaff of chaos
Missiles
 c - 23 arrows
 g - 21 bolts
Armour
 a - a +2 scale mail (worn)
 k - a +2 pair of boots (worn)
 n - a +0 cloak (worn)
Jewellery
 e - a +5 ring of strength (left hand)
 i - an amulet of rage (around neck)
Scrolls
 o - a scroll of identify
Comestibles
 f - 6 rations
 j - 3 chunks of flesh


   Skills:
 + Level 6.6 Fighting
 + Level 1.2 Short Blades
 + Level 1.2 Long Blades
 + Level 1.2 Axes
 + Level 1.2 Maces & Flails
 + Level 1.2 Polearms
 + Level 1.2 Staves
 + Level 1.2 Slings
 + Level 1.2 Bows
 + Level 1.2 Crossbows
 + Level 1.2 Throwing
 + Level 10.4 Armour
 + Level 1.2 Dodging
 + Level 2.6 Stealth
 + Level 2.8 Shields
 + Level 1.2 Unarmed Combat
 + Level 1.2 Spellcasting
 + Level 1.0 Conjurations
 + Level 1.0 Hexes
 + Level 1.0 Charms
 + Level 1.0 Summonings
 + Level 1.0 Necromancy
 + Level 1.0 Translocations
 + Level 1.0 Transmutations
 + Level 1.0 Fire Magic
 + Level 1.0 Ice Magic
 + Level 1.0 Air Magic
 + Level 1.0 Earth Magic
 + Level 1.0 Poison Magic
 + Level 1.3 Invocations
 + Level 1.2 Evocations


You had 5 spell levels left.
You didn't know any spells.

Dungeon Overview and Level Annotations

Branches:
Dungeon (3/15)

Altars:
The Shining One

Annotations:
D:3 Grinder


Innate Abilities, Weirdness & Mutations

Your experience applies equally to all skills.
You have very sharp teeth.
Your uncanny sense of smell can sniff out nearby items.


Message History

Grinder is severely wounded.
Grinder closely misses you. Grinder hits you but does no damage.
Your scale mail prevents you from hitting Grinder.
Grinder is severely wounded.
Grinder hits you.
You hit Grinder but do no damage.
Grinder is severely wounded.
Grinder gestures at you. Pain shoots through your body!
* * * LOW HITPOINT WARNING * * *
You fail to use your ability.
Grinder closely misses you.
You fail to use your ability.
Grinder gestures at you.
You suddenly lose the ability to move!
Grinder gestures at you. Pain shoots through your body!
* * * LOW HITPOINT WARNING * * *
Grinder completely misses you. Grinder hits you.
You die...

..# #.# #.# #.#
#######.# ####
#.....#.# ....
#.....#.# .... ∆
##....@#.##########..##
+......5.............>#
#......#.#............#
#......#.#.##.........#
#......#.#.#...###.#..#
#.######.#.#...##.....#
#. #+#+#........#.# ∆#+
...######.#.#
....+........#


You could see Grinder.

Vanquished Creatures
  Crazy Yiuf (D:2)
  A gnoll (D:1)
  An adder (D:2)
  3 worms
  A leopard gecko (D:2)
  A ball python (D:2)
  5 bats
  2 giant cockroaches (D:2)
  4 goblins (D:1)
  10 hobgoblins
  A quokka (D:2)
  5 frilled lizards
  A jackal skeleton (D:2)
  6 kobolds (D:2)
  2 rats
44 creatures vanquished.

Notes
Turn   | Place    | Note
-------+----------+-------------------------------------------
     0 | D:1      | Reached skill level 10 in Armour
     0 | D:1      | grizmgrazm2 the Gnoll Wanderer began the quest for the Orb.
     0 | D:1      | grizmgrazm2 set off with: a +2 scale mail, a +0 shortbow, 25 arrows, a potion of curing, a ration
     0 | D:1      | Reached XP level 1. HP: 23/23 MP: 1/1
   146 | D:1      | Reached XP level 2. HP: 23/29 MP: 2/2
   653 | D:1      | Reached XP level 3. HP: 35/35 MP: 3/3
   800 | D:1      | Found a glowing golden altar of the Shining One.
   807 | D:1      | Became a worshipper of the Shining One
  1491 | D:2      | Reached skill level 1 in Invocations
  2120 | D:2      | Reached skill level 1 in Short Blades
  2120 | D:2      | Reached skill level 1 in Long Blades
  2120 | D:2      | Reached skill level 1 in Axes
  2120 | D:2      | Reached skill level 1 in Maces & Flails
  2120 | D:2      | Reached skill level 1 in Polearms
  2120 | D:2      | Reached skill level 1 in Staves
  2120 | D:2      | Reached skill level 1 in Slings
  2120 | D:2      | Reached skill level 1 in Bows
  2120 | D:2      | Reached skill level 1 in Crossbows
  2120 | D:2      | Reached skill level 1 in Throwing
  2120 | D:2      | Reached skill level 1 in Dodging
  2120 | D:2      | Reached skill level 1 in Unarmed Combat
  2120 | D:2      | Reached skill level 1 in Spellcasting
  2120 | D:2      | Reached skill level 1 in Evocations
  2161 | D:2      | Reached XP level 4. HP: 41/41 MP: 5/5
  2246 | D:2      | Found a runed door.
  2263 | D:2      | Noticed Crazy Yiuf
  2271 | D:2      | Killed Crazy Yiuf
  2271 | D:2      | Reached skill level 1 in Conjurations
  2271 | D:2      | Reached skill level 1 in Hexes
  2271 | D:2      | Reached skill level 1 in Charms
  2271 | D:2      | Reached skill level 1 in Summonings
  2271 | D:2      | Reached skill level 1 in Necromancy
  2271 | D:2      | Reached skill level 1 in Translocations
  2271 | D:2      | Reached skill level 1 in Transmutations
  2271 | D:2      | Reached skill level 1 in Fire Magic
  2271 | D:2      | Reached skill level 1 in Ice Magic
  2271 | D:2      | Reached skill level 1 in Air Magic
  2271 | D:2      | Reached skill level 1 in Earth Magic
  2271 | D:2      | Reached skill level 1 in Poison Magic
  2575 | D:3      | Noticed Grinder
  2598 | D:3      | Paralysed by Grinder for 2 turns
  2605 | D:3      | Paralysed by Grinder for 2 turns
  2619 | D:3      | Paralysed by Grinder for 6 turns
  2620 | D:3      | HP: 2/41 [Grinder/nerve-wracking pain (8)]
  2622 | D:3      | Slain by Grinder

Vault maps used:
D:1:      dpeg_arrival_concentric_ovals, tso_altar
D:2:      uniq_crazy_yiuf_cottage
D:3:      first_ration, lexackson_kobold_supper, uniq_jessica, uniq_grinder

Skill      XL: |  1  2  3  4 |
---------------+-------------+-----
Armour         | | 10.4
Invocations    | 1 |  1.3
Short Blades   | 1 |  1.2
Long Blades    | 1 |  1.2
Axes           | 1 |  1.2
Maces & Flails | 1 |  1.2
Polearms       | 1 |  1.2
Staves         | 1 |  1.2
Slings         | 1 |  1.2
Bows           | 1 |  1.2
Crossbows      | 1 |  1.2
Throwing       | 1 |  1.2
Dodging        | 1 |  1.2
Unarmed Combat | 1 |  1.2
Spellcasting   | 1 |  1.2
Evocations     | 1 |  1.2
Conjurations   | 1 |  1.0
Hexes          | 1 |  1.0
Charms         | 1 |  1.0
Summonings     | 1 |  1.0
Necromancy     | 1 |  1.0
Translocations | 1 |  1.0
Transmutations | 1 |  1.0
Fire Magic     | 1 |  1.0
Ice Magic      | 1 |  1.0
Air Magic      | 1 |  1.0
Earth Magic    | 1 |  1.0
Poison Magic   | 1 |  1.0
Fighting       | |  6.6
Stealth        | |  2.6
Shields        | |  2.8

Action                   |  1- 3 |  4- 6 || total
-------------------------+-------+-------++-------
Melee: Mace              |   150 |    65 ||   215
       Bite              |    24 |    12 ||    36
 Fire: Shortbow          |    10 |       ||    10
 Abil: Evoke Berserk Rag |       |     1 ||     1
  Use: Scroll            |     2 |     1 ||     3
       Potion            |       |     4 ||     4
  Eat: Chunk             |     4 |     3 ||     7
Armor: Scale mail        |   106 |    38 ||   144
Dodge: Dodged            |   108 |    50 ||   158

Table legend:
 A = Spawn XP
 B = Non-spawn XP
 C = Spawn XP percentage of total XP
 D = Spawn monster count
 E = Non-spawn monster count
 F = Spawn count percentage of total count
 G = Total turns spent on level
                    A         B        C        D         E        F      G
               +---------+---------+-------+---------+---------+-------+---------
         Total |       0 |     142 |   0.0 |       0 |      44 |   0.0 |  2622
               +---------+---------+-------+---------+---------+-------+---------
           D:1 |       0 |      43 |   0.0 |       0 |      16 |   0.0 |  1309
           D:2 |       0 |      99 |   0.0 |       0 |      28 |   0.0 |  1217
               +---------+---------+-------+---------+---------+-------+---------
